 Dungeon Crawl Stone Soup version 0.26-a0-20-g5f92b90fa0 (webtiles) character file.

Game seed: 481442642733793144, levelgen mode: deterministic

11295 Lanoc the Unseen (level 11, -4/103 HPs)
             Began as a Naga Assassin on May 25, 2020.
             Was a Follower of Uskayaw.
             Slain by a polar bear (24 damage)
             ... in an ice cave.
             The game lasted 00:29:01 (11910 turns).

Lanoc the Unseen (Naga Assassin)                   Turns: 11910, Time: 00:29:02

Health: -4/103     AC: 11    Str: 13    XL:     11   Next: 75%
Magic:  17/17      EV: 11    Int: 12    God:    Uskayaw [*.....]
Gold:   666        SH:  0    Dex: 16    Spells: 10/10 levels left

rFire    . . .     SeeInvis +   a - +2 dagger (venom)
rCold    . . .     Gourm    .   (no shield)
rNeg     . . .     Faith    .   m - +0 troll leather armour {Purgy}
rPois    +         Spirit   .   (no helmet)
rElec    .         Reflect  .   l - +0 cloak
rCorr    .         Harm     .   (no gloves)
MR       +....                  r - +1 naga barding
Stlth    ++++++....             q - amulet of the acrobat
HPRegen  0.67/turn              (no ring)
MPRegen  0.15/turn              (no ring)

@: very slow
A: large, see invisible, deformed body, poison resistance, slowness 2, slow
metabolism 1, spit poison 1, AC +3
a: Spit Poison, Stomp, Renounce Religion


You were in an ice cave.
You worshipped Uskayaw.
Uskayaw was aware of your devotion.
You were not hungry.

You visited 2 branches of the dungeon, and saw 12 of its levels.
You also visited: Ice Cave.

You collected 666 gold pieces.

Inventory:

Hand Weapons
 a - a +2 dagger of venom (weapon)
 y - a +0 vampiric long sword
 D - a +1 falchion of flaming
Missiles
 d - 54 poisoned darts (quivered)
 e - 15 curare-tipped darts
 n - 5 atropa-tipped darts
Armour
 l - a +0 cloak (worn)
 m - a +0 troll leather armour (worn) {Purgy}
 r - a +1 naga barding (worn)
Jewellery
 q - an amulet of the acrobat (around neck)
Wands
 c - a wand of paralysis (6)
 p - a wand of clouds (8)
 H - a wand of disintegration (15)
Scrolls
 h - 3 scrolls of amnesia
 i - 7 scrolls of identify
 j - 4 scrolls of teleportation
 k - 6 scrolls of remove curse
 o - 2 scrolls of immolation
 s - a scroll of fog
 u - a scroll of enchant weapon
 x - a scroll of random uselessness {unknown}
 A - a scroll of enchant armour
Potions
 b - 4 potions of heal wounds
 g - a potion of might
 t - 2 potions of lignification {unknown}
 v - 2 potions of curing {unknown}
 w - 2 potions of ambrosia {unknown}
 z - a potion of haste
 B - a potion of brilliance {unknown}
 C - a potion of mutation {unknown}
 F - a potion of berserk rage
Comestibles
 f - 33 rations
 E - 5 chunks of flesh


   Skills:
 + Level 8.1 Fighting
 + Level 8.1 Short Blades
 - Level 1.7 Throwing
 + Level 6.5 Dodging
 + Level 15.0 Stealth
 * Level 8.6 Invocations


You had 10 spell levels left.
You didn't know any spells.
Your spell library contained the following spells:

 Spells                   Type           Power        Failure   Level  Hunger
 Summon Small Mammal      Summ           #...         38%         1    ##.....
 Call Imp                 Summ           #.......     54%         2    ###....
 Call Canine Familiar     Summ           #.......     77%         3    ####...
 Summon Guardian Golem    Hex/Summ       #.......     77%         3    ####...
 Summon Ice Beast         Ice/Summ       #.......     99%         4    #####..
 Summon Lightning Spire   Summ/Air       #.......     99%         4    #####..


Dungeon Overview and Level Annotations

Branches:
Dungeon (11/15)            Temple (1/1) D:7            Lair (0/6) D:8
    Orc (0/2) D:10          IceCv (1/1)

Altars:
Dithmenos
Elyvilon
Fedhas
Hepliaklqana
Makhleb
Nemelex Xobeh
Okawaru
Ru
Sif Muna
Uskayaw
Wu Jian
Yredelemnul
Zin

Shops:
D:4 [   D:6 [

Annotations:
D:8 3 runed translucent doors, pickledwalnut's ghost, novice MfGl
D:11 3 runed translucent doors, Thantalas's ghost, journeyman TrFi


Innate Abilities, Weirdness & Mutations

You cannot wear boots.
Your serpentine skin is tough. (AC +3)
You have supernaturally acute eyesight. (SInv)
Armour fits poorly on your strangely shaped body.
Your system is resistant to poisons. (rPois)
You cover ground very slowly.
You have a slow metabolism.
You can spit poison.


Message History

The polar bear looks as sick as possible!
The polar bear is almost dead.
The polar bear bites you!
* * * LOW HITPOINT WARNING * * *
The polar bear claws you.
* * * LOW HITPOINT WARNING * * *
The polar bear claws you but does no damage.
You hit the polar bear but do no damage.
The polar bear is almost dead.
The polar bear bites you but does no damage.
The polar bear closely misses you.
The polar bear claws you but does no damage.
You hit the polar bear.
The polar bear looks as sick as possible!
The polar bear is almost dead.
You hit the polar bear but do no damage.
The polar bear looks as sick as possible!
The polar bear is almost dead.
The polar bear bites you!!
You die...

##.รท##
#.##
#..#
##.##
#..#
##.##
#..#
##.###
#@h.#
##..#
#.#.#
####..
.## #


You could see a polar bear (berserk, extremely poisoned).

Vanquished Creatures
  Erolcha (D:9)
  A hydra (D:8)
  An ice statue (IceCv)
  4 polar bears (IceCv)
  2 dream sheep (D:8)
  A slime creature (D:11)
  Sigmund (D:5)
  2 wyverns
  Eustachio (D:4)
  6 yaks
  Grum (D:10)
  Edmund (D:5)
  An acid dragon (D:10)
  A swamp drake (D:8)
  Purgy (D:3)
  3 orc warriors
  A black bear (D:7)
  9 ice beasts
  4 phantoms
  3 necrophages
  5 ogres
  12 wolves
  2 centaurs
  3 crocodiles (D:8)
  A bullfrog (D:10)
  4 big kobolds
  A wyvern zombie (D:10)
  3 scorpions
  8 killer bees (D:10)
  3 howler monkeys
  3 centaur zombies
  3 crimson imps
  A quasit (D:7)
  4 hounds
  3 jellies
  2 centaur skeletons
  6 orc priests
  A bullfrog skeleton (D:4)
  8 iguanas
  Ijyb (D:4)
  8 orc wizards
  9 worker ants
  12 adders
  7 gnolls
  4 shadow imps
  2 oozes
  An adder skeleton (D:4)
  2 adder zombies
  3 worms
  2 dart slugs (D:2)
  4 leopard geckos
  38 orcs
  A ball python (D:2)
  6 bats
  4 giant cockroaches
  10 goblins
  5 hobgoblins
  8 jackals (D:3)
  4 quokkas
  3 frilled lizards
  7 kobolds
  A leopard gecko skeleton (D:5)
  A quokka skeleton (D:6)
  8 rats
  A fungus (D:1)
270 creatures vanquished.

Vanquished Creatures (others)
  A wolf (IceCv)
  4 toadstools (D:1)
5 creatures vanquished.

Grand Total: 275 creatures vanquished

Notes
Turn   | Place    | Note
-------+----------+-------------------------------------------
     0 | D:1      | Lanoc the Naga Assassin began the quest for the Orb.
     0 | D:1      | Reached XP level 1. HP: 19/19 MP: 1/1
   176 | D:1      | Reached skill level 6 in Stealth
   435 | D:1      | Reached skill level 1 in Dodging
   435 | D:1      | Reached XP level 2. HP: 26/26 MP: 2/2
  1381 | D:2      | Reached XP level 3. HP: 32/32 MP: 3/3
  2248 | D:3      | Noticed Purgy
  2354 | D:3      | Reached XP level 4. HP: 39/40 MP: 4/4
  2374 | D:3      | Reached skill level 7 in Stealth
  2598 | D:3      | Killed Purgy
  2598 | D:3      | Reached XP level 5. HP: 22/49 MP: 5/5
  2721 | D:3      | Reached skill level 8 in Stealth
  2924 | D:3      | Found a sparkling altar of Nemelex Xobeh.
  2927 | D:3      | Reached XP level 6. HP: 56/56 MP: 6/6
  3023 | D:3      | Found a basalt altar of Yredelemnul.
  3382 | D:4      | Found Amegidu's Armour Emporium.
  3706 | D:4      | Reached skill level 9 in Stealth
  3776 | D:4      | Found a sacrificial altar of Ru.
  3867 | D:4      | Reached XP level 7. HP: 62/62 MP: 7/7
  3951 | D:4      | HP: 3/63 [orc/+0 flail (9)]
  3956 | D:4      | HP: 3/63 [poisoned by an orc]
  4107 | D:4      | Noticed Ijyb
  4112 | D:4      | Paralysed by Ijyb for 3 turns
  4125 | D:4      | Killed Ijyb
  4335 | D:4      | Noticed Eustachio
  4359 | D:4      | Killed Eustachio
  4359 | D:4      | Reached skill level 10 in Stealth
  4874 | D:5      | Entered Level 5 of the Dungeon
  4888 | D:4      | Reached XP level 8. HP: 73/73 MP: 8/8
  4964 | D:5      | Noticed Edmund
  4991 | D:5      | Killed Edmund
  4991 | D:5      | Reached skill level 11 in Stealth
  5136 | D:5      | Noticed Sigmund
  5138 | D:5      | Killed Sigmund
  5138 | D:5      | Reached skill level 5 in Fighting
  5150 | D:5      | Found an iron altar of Okawaru.
  5194 | D:5      | Found a burning altar of Makhleb.
  5286 | D:5      | Noticed a wyvern
  5307 | D:5      | Killed a wyvern
  5307 | D:5      | Reached skill level 5 in Short Blades
  5404 | D:5      | Reached skill level 12 in Stealth
  5564 | D:6      | Reached XP level 9. HP: 81/81 MP: 9/9
  5813 | D:6      | Found Qoitoudoru's Antique Armour Emporium.
  6337 | D:7      | Found a glowing silver altar of Zin.
  6351 | D:7      | Found a hide-covered altar of Uskayaw.
  6351 | D:7      | Found a shimmering blue altar of Sif Muna.
  6371 | D:7      | Reached skill level 13 in Stealth
  6380 | D:7      | Found a shadowy altar of Dithmenos.
  6407 | D:7      | Became a worshipper of Uskayaw the Reveler
  6477 | D:7      | Found an ornate altar of the Wu Jian Council.
  6639 | D:7      | Found a staircase to the Ecumenical Temple.
  6641 | D:7      | Reached * piety under Uskayaw
  6651 | Temple   | Entered the Ecumenical Temple
  7022 | D:8      | Reached skill level 1 in Invocations
  7101 | D:8      | Found a white marble altar of Elyvilon.
  7101 | D:8      | Found a blossoming altar of Fedhas.
  7111 | D:8      | Reached ** piety under Uskayaw
  7217 | D:8      | Found a runed translucent gate.
  7217 | D:8      | Found a runed translucent gate.
  7217 | D:8      | Found a runed translucent gate.
  7475 | D:8      | Noticed pickledwalnut's ghost (novice MfGl)
  7585 | D:8      | Reached XP level 10. HP: 74/90 MP: 12/12
  7603 | D:8      | Reached *** piety under Uskayaw
  7604 | D:8      | Reached skill level 5 in Dodging
  7741 | D:8      | Reached skill level 14 in Stealth
  7767 | D:8      | Noticed a three-headed hydra
  7774 | D:8      | Killed a one-headed hydra
  7777 | D:8      | Reached **** piety under Uskayaw
  8046 | D:8      | Reached skill level 5 in Invocations
  8161 | D:8      | Found a staircase to the Lair.
  8481 | D:9      | Noticed a two-headed ogre
  8641 | D:9      | Noticed Erolcha
  8646 | D:9      | Killed Erolcha
  8693 | D:9      | Found a hazy altar of Hepliaklqana.
  8906 | D:9      | Reached skill level 15 in Stealth
  8978 | D:10     | Entered Level 10 of the Dungeon
  9367 | D:10     | Reached XP level 11. HP: 82/99 MP: 15/15
 10276 | D:10     | Found a staircase to the Orcish Mines.
 10311 | D:10     | Noticed Grum
 10338 | D:10     | Killed Grum
 10781 | D:11     | Noticed Thantalas's ghost (journeyman TrFi)
 10863 | D:11     | Noticed a white ugly thing
 10871 | D:11     | Found a runed translucent gate.
 10871 | D:11     | Found a runed translucent gate.
 10871 | D:11     | Found a runed translucent gate.
 10942 | D:11     | Found a frozen archway.
 11100 | IceCv    | Entered an ice cave
 11733 | IceCv    | Reached ***** piety under Uskayaw
 11751 | IceCv    | Reached ****** piety under Uskayaw
 11910 | IceCv    | Slain by a polar bear

Illustrated notes

Levels and vault maps discovered:
D:1:      dpeg_arrival_chambers_temple_mockup, layout_loops_ring,
          hangedman_decor_growths, grunt_decor_arrowhead,
          minmay_gold_behind_fungi
D:2:      layout_loops_ring, first_ration
D:3:      layout_basic, lemuel_crystal_altar, nemelex_altar_shiori,
          minivault_25, uniq_purgy
D:4:      layout_loops_ring, nicolae_ru_sacrificial_ziggurat, serial_shops,
          shop, kennysheep_small_spiral, minivault_14, minmay_misc_feat_room,
          chequers_serial_rivers_micro_a, uniq_ijyb, uniq_eustachio
D:5:      layout_rooms, kennysheep_okawaru_gauntlet, kennysheep_little_box,
          grunt_ministairs_2, uniq_sigmund, uniq_edmund
D:6:      layout_rooms, serial_shops, nicolae_shop_overgrown_old_shop
D:7:      layout_rooms, nicolae_overflow_hidden_temple,
          grunt_temple_overflow_open, minmay_temple_entry_junction_2
D:8:      layout_loops_ring, gammafunk_temple_overflow_wave, erik_lair_dragon,
          ebering_ghost_rock_garden, hangedman_ranch [blue_anna_fruit_fields]
D:9:      layout_rooms, kennysheep_mini_moat, uniq_erolcha
D:10:     layout_loops_corners, orc_0_dummy, dk_rats_in_the_wall, uniq_grum
D:11:     layout_long_grid, gammafunk_ghost_split,
          portal_ice_cave_entry_ice_beasts
Temple:   nicolae_temple_figure_zero
IceCv:    ice_cave_caverns_02

Skill      XL: |  1  2  3  4  5  6  7  8  9 10 11 |
---------------+----------------------------------+-----
Stealth        | 6 7 8 9 10 12 13 15 | 15.0
Dodging        | 1 2 3 4 5 6 |  6.5
Fighting       | 3 4 5 6 7 8 |  8.1
Short Blades   | 3 4 5 6 7 8 |  8.1
Invocations    | 3 6 8 |  8.6
Throwing       | |  1.7

Action                   |  1- 3 |  4- 6 |  7- 9 | 10-12 || total
-------------------------+-------+-------+-------+-------++-------
Melee: Dagger            |   120 |   123 |   668 |   828 ||  1739
       Falchion          |       |       |       |     8 ||     8
Throw: Dart              |       |     2 |     2 |     1 ||     5
Invok: Grand Finale      |       |       |       |     1 ||     1
 Abil: Spit Poison       |    14 |     9 |    25 |    30 ||    78
  Use: Scroll            |     2 |       |     2 |     8 ||    12
       Potion            |       |       |     4 |     2 ||     6
 Stab: Sleeping          |    17 |    11 |    23 |    23 ||    74
       Distracted        |       |     1 |       |       ||     1
       Paralysed         |       |       |       |    14 ||    14
       Confused          |       |       |       |     1 ||     1
  Eat: Chunk             |     4 |     5 |    11 |    16 ||    36
Armor: Robe              |    34 |     5 |       |       ||    39
       Troll leather arm |       |    28 |   189 |   253 ||   470
Dodge: Dodged            |    53 |    49 |   289 |   406 ||   797
       Rpst.: Falchion   |       |       |       |     1 ||     1

Table legend:
 A = Non-vault XP
 B = Vault XP
 C = Vault XP percentage of total XP
 D = Non-vault monster count
 E = Vault monster count
 F = Vault count percentage of total count
                 A         B        C        D         E       F
            +---------+---------+-------+---------+---------+-------
      Total |    6921 |    9215 |  57.1 |     217 |      52 |  19.3
            +---------+---------+-------+---------+---------+-------
        D:1 |      26 |       0 |   0.0 |      15 |       0 |   0.0
        D:2 |      43 |       0 |   0.0 |      19 |       0 |   0.0
        D:3 |     245 |     145 |  37.2 |      38 |       1 |   2.6
        D:4 |     594 |     239 |  28.7 |      24 |       2 |   7.7
        D:5 |     619 |     423 |  40.6 |      18 |       5 |  21.7
        D:6 |     781 |       0 |   0.0 |      17 |       0 |   0.0
        D:7 |     269 |       0 |   0.0 |       7 |       0 |   0.0
        D:8 |     957 |    2745 |  74.1 |      20 |      13 |  39.4
        D:9 |     586 |     995 |  62.9 |      17 |       1 |   5.6
       D:10 |    2535 |     643 |  20.2 |      40 |       5 |  11.1
       D:11 |     266 |    1036 |  79.6 |       2 |       8 |  80.0
      IceCv |       0 |    2989 | 100.0 |       0 |      17 | 100.0
            +---------+---------+-------+---------+---------+-------
